[Event "Live Chess"]
[Site "Chess.com"]
[Date "2023.05.20"]
[Round "-"]
[White "sanjesh_ananda"]
[Black "CameronM1234"]
[Result "0-1"]
[WhiteElo "896"]
[BlackElo "1095"]
[TimeControl "300"]
[EndTime "15:37:58 PDT"]
[Termination "CameronM1234 won on time"]

1. e4 g6 2. Nf3 Bg7 3. d4 d6 4.
Bc4 Nf6 5. Nc3 Nxe4 6. Nxe4 d5 7. Bb5+ c6 8. Bxc6+ bxc6 9. Nc5 Nd7 10. O-O Nxc5 11.
dxc5 O-O 12. Re1 Re8 13. h3 e5 14. Ng5 h6 15. Nf3 e4 16. Nd4 Be5 17. c3 Qf6 18. Be3 Bd7 19. Rc1 Kh7 20. c4 Qe7 21. cxd5 cxd5 22. c6 Bc8 23. Qd2 g5 24. b4 a6 25. a4 Rb8 26. c7 Rxb4 27. Nc6 Bh2+ 28. Kxh2 Qd6+ 29. Kg1 Rxa4 30. Kh1 Re6 31. Nd4 Re7 32. Nf5 Qd7 33. Nxe7 Qxe7 34. Qb2 Rb4 0-1

[Event "Live Chess"]
[Site "Chess.com"]
[Date "2023.05.20"]
[Round "-"]
[White "gmnorfolk"]
[Black "Stanbad1"]
[Result "0-1"]
[WhiteElo "2124"]
[BlackElo "2401"]
[TimeControl "300"]
[EndTime "15:38:00 PDT"]
[Termination "Stanbad1 won by resignation"]

1. a3 e6 2. c4 Nf6 3. g3 c5 4. Bg2 Be7 5. Nf3 O-O 6. O-O Nc6 7.
b3 a6 8. Bb2 Rb8 9. d4 b5 10. d5 exd5 11. cxd5 Nd4 12. Nxd4 cxd4 13. Bxd4 d6 14. Nc3 Bb7 15. b4 Rc8 16. e4 Rc4 17.
Qd3 Ng4 18. Rfd1 Bf6 19. Ne2 Bxd4 20. Nxd4 Qf6 21. f4 Rfc8 22. Qe2 h5 23. Qd2 Rc3 24. Nc6 Bxc6 25. e5 dxe5 26. Qxc3 Bd7 27. Qf3 Qb6+ 28. Kh1 e4 29. Qe2 Nf2+ 30. Kg1 Nxd1+ 31. Kf1 Ne3+ 32. Ke1 Nc2+ 0-1

[Event "Live Chess"]
[Site "Chess.com"]
[Date "2023.05.20"]
[Round "-"]
[White "JoeyCage"]
[Black "raimundklein"]
[Result "1-0"]
[WhiteElo "2319"]
[BlackElo "1606"]
[TimeControl "300"]
[EndTime "15:38:57 PDT"]
[Termination "JoeyCage won by checkmate"]

1. e4 c6 2. d4 d5 3. e5 Bf5 4. c4 e6 5. Nc3 Nd7 6. Be3 Ne7 7. c5 Nc8 8. Nge2 h6 9. Ng3 Bh7 10. f4 Be7 11. Be2 O-O 12. O-O b6 13.
b4 a5 14. a3 axb4 15. axb4 Rxa1 16. Qxa1 bxc5 17. bxc5 Qc7 18. f5 exf5 19. Nxf5 Bxf5 20.
Rxf5 Qa7 21. Qf1 Qa3 22. Nd1 Bd8 23. Rf3 Ne7 24. Bxh6 Qa4 25. Be3 Ng6 26. g3 Ndxe5 27. dxe5 Nxe5 28. Rf4 Qa3 29. Bd4 Ng6 30. Rf3 Qa4 31.
Qf2 Re8 32. Bd3 Qxd1+ 33. Kg2 Ne5 34. Bxe5 Rxe5 35. Rxf7 Qxd3 36. Rf8+ Kh7 37. Qf4 Re2+ 38. Kh3 Bf6 39. Qg4 Qg6 40. Qxe2 Qh6+ 41. Kg2 Bd4 42. Qe8 Qd2+ 43. Kh3 Qh6+ 44. Kg4 Qd2 45. Rh8# 1-0

[Event "Live Chess"]
[Site "Chess.com"]
[Date "2023.05.20"]
[Round "-"]
[White "nigelst"]
[Black "mikkyb4"]
[Result "1-0"]
[WhiteElo "1831"]
[BlackElo "1002"]
[TimeControl "300"]
[EndTime "15:39:26 PDT"]
[Termination "nigelst won by resignation"]

1. e4 g6 2. d4 Bg7 3. Nc3 d6 4. f4 Nc6 5. Nf3 Bg4 6. Be3 Bxf3 7. gxf3 d5 8. Nxd5 e6 9. Nc3 Bxd4 10. Qe2 Qh4+ 11. Bf2 Bxf2+ 12. Qxf2 Qxf4 13. Ne2 Qd6 14. Nc3 O-O-O 15. Bd3 Qf4 16. Ne2 Qg5 17. f4 Qa5+ 18.
Nc3 Nd4 19. O-O-O Ne7 20. Kb1 Nec6 21. Rhf1 Nb4 22. a3 Nbc6 23. f5 e5 24. fxg6 fxg6 25.
Nd5 Qc5 26. Qf7 Rd7 27. Qf6 Na5 28. Qxh8+ Rd8 29. Qxe5 Nc4 30. Rf7 Nxa3+ 31. bxa3 Nb5 32. Bxb5 Qxb5+ 33. Qb2 1-0

[Event "Live Chess"]
[Site "Chess.com"]
[Date "2023.05.20"]
[Round "-"]
[White "hturner40"]
[Black "domrobson"]
[Result "1-0"]
[WhiteElo "1809"]
[BlackElo "1782"]
[TimeControl "300"]
[EndTime "15:39:46 PDT"]
[Termination "hturner40 won by resignation"]

1. Nf3 Nf6 2. g3 d5 3. Bg2 e6 4. O-O c6 5. d3 Nbd7 6. Nbd2 Bd6 7. c3 e5 8. Qc2 Qe7 9. e4 O-O 10. a4 dxe4 11. Nxe4 Nxe4 12. dxe4 Nf6 13. Rd1 Bg4 14. Be3 Bc5 15. Bxc5 Qxc5 16. b4 Qc4 17. Nxe5 Qe6 18. Nxg4 Qxg4 19. h3 Qe6 20. Rd4 Rfd8 21. Rad1 Rxd4 22.
Rxd4 Qe7 23. Qd3 c5 24. Rd6 Ne8 25. Rd7 Qg5 26. Qd5 Qxd5 27. exd5 cxb4 28. cxb4 Rb8 29. d6 Kf8 30. b5 a6 31. Rxb7 Rxb7 32. Bxb7 axb5 33.
d7 Ke7 34. dxe8=Q+ 1-0

[Event "Live Chess"]
[Site "Chess.com"]
[Date "2023.05.20"]
[Round "-"]
[White "raminguy"]
[Black "elvenstar"]
[Result "1-0"]
[WhiteElo "1960"]
[BlackElo "1565"]
[TimeControl "300"]
[EndTime "15:39:49 PDT"]
[Termination "raminguy won on time"]

1. d4 Nf6 2. Nc3 d5 3. Bf4 c6 4. e3 Bf5 5. Nf3 e6 6. Ne5 Bd6 7. g4 Bg6 8. h4 h5 9. Nxg6 fxg6 10. Qd3 Kf7 11. g5 Ng8 12. Bh3 Ne7 13. O-O-O Nf5 14. Bxd6 Qxd6 15. e4 dxe4 16. Nxe4 Qf4+ 17. Kb1 Nd7 18.
Bxf5 exf5 19. Nc3 Nb6 20. a4 a5 21. d5 Rhd8 22. d6 Rd7 23. Ne2 Qxa4 24. Qe3 Nd5 25. Qc5 b6 26. Nc3 Nxc3+ 27. Qxc3 Re8 28. Rd4 Qb5 29. Re1 Re5 30. f4 Rc5 31. Qe3 1-0

[Event "Live Chess"]
[Site "Chess.com"]
[Date "2023.05.20"]
[Round "-"]
[White "Jo1ts"]
[Black "JohanKjeldahl"]
[Result "0-1"]
[WhiteElo "779"]
[BlackElo "1858"]
[TimeControl "300"]
[EndTime "15:39:54 PDT"]
[Termination "JohanKjeldahl won by resignation"]

1. d4 Nf6 2. Bf4 d6 3. Nf3 g6 4.
e3 Bg7 5. Nbd2 O-O 6. Bd3 c6 7. h4 Nbd7 8. e4 e5 9. dxe5 dxe5 10. Be3 Ng4 11. Ng5 Nxe3 12. fxe3 Nc5 13. Bc4 b5 14. Bb3 a5 15. a3 a4 16. Ba2 h6 17. Ngf3 Bg4 18. Qe2 Qe7 19. c4 Rfd8 20.
cxb5 Nd3+ 21. Kf1 cxb5 22. Nb1 Rac8 23. Nc3 b4 24. Nd5 Qa7 25. Ne7+ Qxe7 26. Bb1 Rc1+ 0-1

[Event "Live Chess"]
[Site "Chess.com"]
[Date "2023.05.20"]
[Round "-"]
[White "laminaaprod"]
[Black "Olisingapore"]
[Result "1-0"]
[WhiteElo "2248"]
[BlackElo "1850"]
[TimeControl "300"]
[EndTime "15:40:05 PDT"]
[Termination "laminaaprod won by checkmate"]

1. d4 Nf6 2. c4 e6 3. Nf3 d5 4. g3 c5 5. cxd5 exd5 6. Bg2 Be6 7. O-O Be7 8. dxc5 Bxc5 9. b3 Nc6 10. Bb2 O-O 11. Nc3 a6 12. Rc1 d4 13. Na4 Ba7 14. Nc5 Bxc5 15. Rxc5 Qd6 16. Qc1 Ne4 17. Rc2 Nb4 18.
Ba3 Rac8 19. Rxc8 Rxc8 20. Qf4 Qxf4 21. gxf4 Nc2 22. Bb2 Nc3 23. Bxc3 dxc3 24. Rc1 Nb4 25. a3 Nd5 26. e3 Nf6 27. Nd4 Bd5 28. Bxd5 Nxd5 29.
Kf1 Nf6 30. Ke2 g6 31. Kd3 Ng4 32. Ke2 Nxh2 33. f3 g5 34. fxg5 Kg7 35. Kf2 Kg6 36. Kg2 Nxf3 37. Kxf3 Kxg5 38. Ne2 f5 39. Rxc3 Rxc3 40.
Nxc3 h5 41. Ne2 h4 42. Nf4 b5 43. b4 Kf6 44. Kg2 Ke5 45. Kh3 Ke4 46. Ng2 f4 47. exf4 Kf5 48. Kxh4 Kf6 49. Kg4 Ke6 50. f5+ Kf6 51. Kf4 Kf7 52. Ke5 Ke7 53. f6+ Kf7 54. Kf5 Kf8 55. Ke6 Ke8 56. f7+ Kf8 57. Ne3 a5 58. bxa5 b4 59. axb4 Kg7 60. Ke7 Kg6 61.
f8=Q Kg5 62. Nc4 Kh4 63. a6 Kg3 64. a7 Kg2 65. a8=Q+ Kg3 66. Qae8 Kg2 67. Qef7 Kg3 68. Q8g8+ Kh3 69. Qfh7# 1-0

[Event "Live Chess"]
[Site "Chess.com"]
[Date "2023.05.20"]
[Round "-"]
[White "Tushinskiy"]
[Black "xx_blindpuffin_xx"]
[Result "1-0"]
[WhiteElo "2164"]
[BlackElo "2203"]
[TimeControl "300"]
[EndTime "15:40:16 PDT"]
[Termination "Tushinskiy won by checkmate"]

1. d4 e6 2. c3 f5 3. Nf3 Nf6 4.
Bg5 Be7 5. Nbd2 O-O 6. Bxf6 Bxf6 7.
e4 fxe4 8. Nxe4 b6 9. Bd3 Bb7 10. Qe2 Nc6 11. O-O-O Ne7 12. h4 Nd5 13. Bc2 a6 14.
Nfg5 g6 15. g3 b5 16. f4 b4 17. c4 Nb6 18. h5 Bxg5 19. Nxg5 Bxh1 20. Rxh1 Qf6 21. hxg6 hxg6 22. Rh6 Kg7 23. Rxg6+ Qxg6 24. Bxg6 Kxg6 25. Qe4+ Kh5 26. b3 Rae8 27. Kd2 d5 28. Qh7+ Kg4 29. Qh3# 1-0

[Event "Live Chess"]
[Site "Chess.com"]
[Date "2023.05.20"]
[Round "-"]
[White "Doge_Dandolo"]
[Black "LiamBellwood"]
[Result "0-1"]
[WhiteElo "2024"]
[BlackElo "2082"]
[TimeControl "300"]
[EndTime "15:40:20 PDT"]
[Termination "LiamBellwood won by checkmate"]

1. Nf3 e6 2. c4 f5 3. d3 Nf6 4. g3 Be7 5. Bg2 O-O 6. O-O d6 7. Nc3 e5 8. Bg5 Nc6 9. Bxf6 Bxf6 10. Nd5 Be6 11. Ne1 a5 12. Nc2 f4 13. Rb1 Rc8 14. b3 Qe8 15. a3 Qh5 16. b4 axb4 17. Ncxb4 Nd4 18. e3 Ne2+ 19. Kh1 f3 20. Bxf3 Qxf3# 0-1

[Event "Live Chess"]
[Site "Chess.com"]
[Date "2023.05.20"]
[Round "-"]
[White "Biranidun"]
[Black "Lewstar1"]
[Result "1-0"]
[WhiteElo "2726"]
[BlackElo "443"]
[TimeControl "300"]
[EndTime "15:40:23 PDT"]
[Termination "Biranidun won by checkmate"]

1. e4 d6 2. d4 Nf6 3. Nc3 g6 4. f4 Bg7 5. Bd3 O-O 6. Nf3 c5 7. dxc5 dxc5 8. e5 Ng4 9. h3 Nh6 10. Be3 b6 11. Be4 Qxd1+ 12. Rxd1 Bf5 13. Bxa8 Bxc2 14.
Rd2 Bf5 15. g4 Be6 16. Nd5 Bxd5 17. Bxd5 Rd8 18. f5 gxf5 19. g5 e6 20. gxh6 Bxh6 21. Bxh6 Rxd5 22. Rg1+ Kh8 23. Rdg2 Rd8 24. Ng5 Rf8 25.
Nxf7+ Rxf7 26. Rg8# 1-0

[Event "Live Chess"]
[Site "Chess.com"]
[Date "2023.05.20"]
[Round "-"]
[White "LL220284LL"]
[Black "JoshMcK"]
[Result "1-0"]
[WhiteElo "2399"]
[BlackElo "1533"]
[TimeControl "300"]
[EndTime "15:40:26 PDT"]
[Termination "LL220284LL won by resignation"]

1. Nf3 Nf6 2. c4 g6 3. g3 Bg7 4. Bg2 O-O 5. O-O d6 6. Nc3 Nc6 7. d4 a6 8. Re1 e5 9. e4 exd4 10. Nxd4 Nxd4 11. Qxd4 Ng4 12. Qd2 Be6 13. Qe2 Ne5 14. Nd5 c6 15. Ne3 Rb8 16. f4 Nd7 17.
f5 gxf5 18. exf5 Bxf5 19. Nxf5 Re8 20. Qxe8+ Qxe8 21. Rxe8+ Rxe8 22. Bf4 Bd4+ 23. Nxd4 1-0

[Event "Live Chess"]
[Site "Chess.com"]
[Date "2023.05.20"]
[Round "-"]
[White "Brooms1989"]
[Black "jennybobby44"]
[Result "0-1"]
[WhiteElo "1079"]
[BlackElo "1846"]
[TimeControl "300"]
[EndTime "15:40:36 PDT"]
[Termination "jennybobby44 won by resignation"]

1. e4 c5 2. Nc3 g6 3. f4 Bg7 4.
Nf3 d6 5. Bb5+ Bd7 6. Bxd7+ Nxd7 7. O-O e6 8. d3 Ngf6 9. h3 O-O 10. Qe1 Rb8 11. Nb5 Qb6 12. c4 a6 13. Nc3 Qc7 14.
Ne2 b5 15. cxb5 Rxb5 16. b3 Nxe4 17. Rb1 Nef6 18. a4 Rbb8 19. Bb2 Nd5 20. Bxg7 Kxg7 21.
Nc3 N7f6 22. Nxd5 Nxd5 23. Nh2 Rb4 24. Qd2 Rfb8 25. Rfc1 Rxb3 26. Rxb3 Rxb3 27. d4 c4 28. Qc2 Rb4 29. Nf3 c3 30. h4 Nxf4 31. g3 Nd5 32. h5 Rb2 33. Qd3 a5 34. hxg6 hxg6 35. Ng5 Qe7 36. Rxc3 Qxg5 37. Qf3 Nxc3 38. Qxc3 Rd2 39.
d5+ e5 40. Qf3 0-1

[Event "Live Chess"]
[Site "Chess.com"]
[Date "2023.05.20"]
[Round "-"]
[White "1600x"]
[Black "martynstanley"]
[Result "1-0"]
[WhiteElo "1782"]
[BlackElo "970"]
[TimeControl "300"]
[EndTime "15:40:40 PDT"]
[Termination "1600x won by checkmate"]

1. e4 e6 2. Nf3 d5 3. exd5 exd5 4. Qe2+ Ne7 5. c3 c5 6. b3 Nc6 7. d4 Qb6 8. dxc5 Qxc5 9. Ba3 Qb6 10. h3 Qc7 11. h4 b6 12. h5 Bb7 13. h6 g6 14.
Nbd2 O-O-O 15. Nd4 Nf5 16. Nb5 Qd7 17. g4 a6 18. Bxf8 Rhxf8 19. a4 axb5 20. axb5 Na5 21. b4 Nc4 22. gxf5 Nxd2 23. Qxd2 d4 24. Rh3 dxc3 25.
Rxc3+ Kb8 26. Qxd7 Rxd7 27. Bh3 Rfd8 28. f6 Rd5 29. Bf1 Re5+ 30. Re3 Rxe3+ 31. fxe3 Bf3 32. Bc4 Re8 33. Kf2 Bh5 34. Bxf7 Re5 35. e4 Rxe4 36. Kg3 Re3+ 37. Kf4 Rb3 38. Bxb3 Kb7 39. f7 g5+ 40.
Kf5 Bxf7 41. Bxf7 g4 42. Kxg4 Kc7 43. Bg8 Kd6 44. Bxh7 Ke5 45. Ra6 Kd4 46. Bg6 Kc3 47. h7 Kxb4 48. h8=Q Kxb5 49. Qa8 Kc5 50. Qc8+ Kb5 51.
Bd3+ Kb4 52. Qc4# 1-0

[Event "Live Chess"]
[Site "Chess.com"]
[Date "2023.05.20"]
[Round "-"]
[White "f4nomore"]
[Black "omisoc"]
[Result "0-1"]
[WhiteElo "1426"]
[BlackElo "2149"]
[TimeControl "300"]
[EndTime "15:40:44 PDT"]
[Termination "omisoc won on time"]

1. d4 g6 2. Bg5 h6 3. Bh4 c5 4. dxc5 Na6 5. Qd4 Rh7 6. Nf3 Bg7 7. Qc4 Bxb2 8. Ne5 Bxa1 9. Nxg6 Qa5+ 10. c3 Qxc5 11.
Qxc5 Nxc5 12. Nf4 b5 13. e3 b4 14. Nd5 bxc3 15. Ndxc3 Rb8 16. Bc4 Ba6 17. Bxa6 Nxa6 18. O-O Bxc3 19. Nxc3 f6 20. Nd5 d6 21. h3 Rb5 22.
Nc3 Rb2 23. a4 Nc5 24. Nb5 a6 25. Nc7+ Kd7 26. Nd5 Nxa4 27. Rc1 Nc5 28. Ra1 Kc6 29. Nc3 d5 30. Na4 Nxa4 31. Rxa4 Kb5 32. Rg4 Rh8 33. e4 d4 34. Rf4 d3 35. Rf5+ Kc4 0-1

[Event "Live Chess"]
[Site "Chess.com"]
[Date "2023.05.20"]
[Round "-"]
[White "GEMdzq"]
[Black "blowerd"]
[Result "1-0"]
[WhiteElo "2230"]
[BlackElo "1399"]
[TimeControl "300"]
[EndTime "15:40:50 PDT"]
[Termination "GEMdzq won by checkmate"]

1. e4 e5 2. d4 exd4 3. c3 dxc3 4. Bc4 Qf6 5. Nxc3 Bc5 6. Nf3 Nc6 7. O-O Nge7 8. e5 Nxe5 9. Nxe5 Qxe5 10. Re1 Qf6 11.
Be3 Bxe3 12. Rxe3 O-O 13. Ne4 Qc6 14. Rc1 Qg6 15. Bd3 d6 16. Ng3 Qf6 17. Rxc7 Nd5 18.
Bxh7+ Kxh7 19. Qxd5 Be6 20. Qd2 Rac8 21. Ne4 Qg6 22.
Rxb7 Bd5 23. Rb4 Bxe4 24. Rbxe4 Kg8 25. h4 Rc5 26. Rd4 Rfc8 27. Rg3 Rc1+ 28. Kh2 Qf6 29. Rdg4 g6 30. h5 Qh8 31. Rxg6+ fxg6 32. Rxg6+ Kf7 33. Qd5+ Ke7 34. Qxd6+ Kf7 35. Qe6+ Kf8 36. Rf6+ Kg7 37. Qf7# 1-0

[Event "Live Chess"]
[Site "Chess.com"]
[Date "2023.05.20"]
[Round "-"]
[White "TheSmoulderingMaster"]
[Black "chessfiction"]
[Result "0-1"]
[WhiteElo "1687"]
[BlackElo "2338"]
[TimeControl "300"]
[EndTime "15:40:56 PDT"]
[Termination "chessfiction won by resignation"]

1. e4 d6 2. d4 Nf6 3. Nc3 c6 4. Nf3 Bg4 5. Bf4 Nbd7 6. Be2 Qc7 7.
h3 Bh5 8. Qd2 e5 9. Bg3 O-O-O 10. O-O-O Be7 11. d5 Nc5 12. Kb1 Nfxe4 13. Nxe4 Nxe4 14.
Qe3 Nxg3 15. fxg3 c5 16. g4 Bg6 17. Nd2 h6 18. Nc4 Bg5 19. Qa3 b5 20. Qa6+ Qb7 21. Nxd6+ Rxd6 22. Qxd6 Bf4 23. Qxc5+ Kb8 24. Bxb5 Rc8 25.
Bc6 Qb6 26. Qd6+ Qc7 27. Qb4+ Qb6 28. Qe7 Qc7 29. Qa3 Rd8 30. Rhf1 Qb6 31. g3 Be3 32. Rf3 Qxc6 33. Rxe3 Qxc2+ 0-1

[Event "Live Chess"]
[Site "Chess.com"]
[Date "2023.05.20"]
[Round "-"]
[White "CheckThis4"]
[Black "LiamClery2020"]
[Result "1-0"]
[WhiteElo "2536"]
[BlackElo "2060"]
[TimeControl "300"]
[EndTime "15:40:57 PDT"]
[Termination "CheckThis4 won by resignation"]

1. d4 Nf6 2. Nc3 d6 3. e4 g6 4.
Be3 Bg7 5. Qd2 Nbd7 6. Bh6 O-O 7. h4 e5 8. Nge2 Re8 9. Bxg7 Kxg7 10. h5 exd4 11. Nxd4 Nxe4 12. Nxe4 Rxe4+ 13. Be2 Qf6 14. O-O-O Nc5 15. hxg6 Qxg6 16. Bf3 Re8 17. Kb1 Be6 18. Nxe6+ Rxe6 19. Rh3 Kf8 20. Rdh1 Rae8 21. a3 Ne4 22. Bxe4 Rxe4 23. Rxh7 Re1+ 24. Rxe1 Rxe1+ 25. Qxe1 Qxh7 26. Qa5 Qh1+ 27. Ka2 Qxg2 28. Qxc7 Qd5+ 29. c4 Qc6 30. Qd8+ Kg7 31. Qg5+ Kf8 32. Qh4 b5 33. Qd8+ Kg7 34.
Qg5+ Kf8 35. Qxb5 Qe4 36. Qd5 Qc2 37. Qxd6+ Kg8 38. Qd8+ Kg7 39. Qd4+ Kf8 40. f4 a5 41. Qc3 Qe4 42. c5 a4 43. c6 Qd5+ 44. b3 Qg2+ 45. Kb1 axb3 46. c7 Qa2+ 47. Kc1 Qxa3+ 48. Kd2 Qd6+ 49. Ke3 Qb6+ 50. Kf3 Qb7+ 51. Kg3 1-0

[Event "Live Chess"]
[Site "Chess.com"]
[Date "2023.05.20"]
[Round "-"]
[White "smoggyrabbit"]
[Black "Nazar_777"]
[Result "1-0"]
[WhiteElo "1701"]
[BlackElo "1631"]
[TimeControl "300"]
[EndTime "15:41:26 PDT"]
[Termination "smoggyrabbit won by checkmate"]

1. d4 e6 2. Nf3 a6 3. e3 h5 4. Bd3 c5 5. b3 Nf6 6. Bb2 cxd4 7.
exd4 Be7 8. O-O Qc7 9. Nbd2 Nc6 10. c4 Ng4 11. h3 Bh4 12. hxg4 hxg4 13. Ne5 Nxe5 14.
dxe5 Bf6 15. Qxg4 Bxe5 16. Bxe5 Qxe5 17. Nf3 Qh5 18. Qxh5 Rxh5 19. Rfe1 b6 20. Rad1 Bb7 21.
Be4 Bxe4 22. Rxe4 f5 23. Red4 Rd8 24. Ne5 g5 25. Rxd7 Rxd7 26. Rxd7 f4 27. Rb7 g4 28.
Nxg4 Rg5 29. Nf6+ Kd8 30. f3 Rf5 31. Ne4 b5 32. Ra7 bxc4 33. bxc4 Ra5 34. c5 Rxa2 35. c6 a5 36. c7+ Kc8 37. Nd6+ Kd7 38. c8=Q+ Kxd6 39. Ra6+ Ke5 40. Qxe6+ Kd4 41. Qxa2 Ke3 42. Rd6 a4 43.
Qd2# 1-0

[Event "Live Chess"]
[Site "Chess.com"]
[Date "2023.05.20"]
[Round "-"]
[White "Conradical12"]
[Black "miguelchuk"]
[Result "1-0"]
[WhiteElo "1615"]
[BlackElo "1577"]
[TimeControl "300"]
[EndTime "15:41:29 PDT"]
[Termination "Conradical12 won on time"]

1. e4 e5 2. Nf3 Nc6 3. Bc4 Nf6 4. O-O Bd6 5. Nc3 O-O 6. d3 Na5 7. Bb3 Nxb3 8. axb3 b6 9. Bg5 h6 10. Bxf6 Qxf6 11.
Nd5 Qe6 12. c4 Bc5 13. Nc3 Bb7 14. Nb5 Rfc8 15. Nxa7 Rd8 16. Nb5 f5 17. Rxa8 Bxa8 18. Nxc7 Qg6 19. Nxa8 fxe4 20. Nxe5 Qf5 21. d4 Rxa8 22.
dxc5 Qxe5 23. Qd5+ Qxd5 24. cxd5 bxc5 25. Re1 Re8 26.
f3 e3 27. Re2 Re5 28. Kf1 Kf7 29. d6 Ke6 30. f4 Re4 31. g3 Kd5 32. Kg2 Kd4 33. Kf3 Re6 34. g4 Kd3 35. h4 Rxd6 36.
Rxe3+ Kd2 37. Re2+ Kc1 38. g5 Rd3+ 39. Kg4 Rxb3 40.
gxh6 gxh6 41. Kh5 Rb4 42. f5 Rf4 43. Kg6 Kd1 44. f6 Rg4+ 45. Kf5 1-0

[Event "Live Chess"]
[Site "Chess.com"]
[Date "2023.05.20"]
[Round "-"]
[White "ExIsambard"]
[Black "fretle"]
[Result "1-0"]
[WhiteElo "1964"]
[BlackElo "1826"]
[TimeControl "300"]
[EndTime "15:41:35 PDT"]
[Termination "ExIsambard won by checkmate"]

1. d4 d5 2. Bg5 c6 3. e3 Nf6 4.
Nf3 Bg4 5. Bd3 Nbd7 6. Nbd2 e6 7. c3 h6 8. Bf4 Qb6 9. Qc2 Nh5 10. Be5 f6 11. Bg6+ Kd8 12. Bxh5 Bxh5 13. Bg3 Be7 14. O-O Bf7 15. e4 g5 16. exd5 cxd5 17. Rfe1 h5 18. h4 g4 19. Nh2 Bd6 20. Nhf1 Rh6 21. a4 f5 22. a5 Qc6 23. c4 f4 24. Bh2 Rc8 25.
b3 Bg6 26. Qc3 Bf5 27. c5 Bb8 28. b4 a6 29. Nb3 Qb5 30. Nc1 Rg6 31. Ne2 f3 32.
Neg3 fxg2 33. Kxg2 Nf6 34. Nxf5 exf5 35. Bxb8 Rxb8 36.
Ng3 f4 37. Nf5 Ne4 38. Rxe4 dxe4 39. d5 f3+ 40. Kg1 Qe2 41. Qh8+ Kc7 42. Qh7+ Kc8 43.
Ne7+ Kd8 44. Nxg6 g3 45. Qe7+ Kc8 46. Qe6+ Kd8 47. Qd6+ Kc8 48. Ne7# 1-0

[Event "Live Chess"]
[Site "Chess.com"]
[Date "2023.05.20"]
[Round "-"]
[White "Stanbad1"]
[Black "jimwad"]
[Result "1-0"]
[WhiteElo "2401"]
[BlackElo "1225"]
[TimeControl "300"]
[EndTime "15:41:36 PDT"]
[Termination "Stanbad1 won by resignation"]

1. d4 d5 2. Nc3 Nf6 3. Bf4 Nc6 4. Nb5 e5 5. Bxe5 Nxe5 6. dxe5 Nd7 7. Qxd5 Bb4+ 8. c3 Ba5 9. e6 fxe6 10. Qxe6+ Qe7 11. Qxe7+ Kxe7 12. O-O-O c6 13. Nd6 Rd8 14. Nxc8+ Raxc8 15. e3 Kf8 16. Nf3 Nf6 17. Bc4 Ne4 18. Rdf1 b5 19.
Be6 Rc7 20. Bf5 Nf6 21. Ng5 Kg8 22. Ne6 Rcd7 23. Nxd8 Rxd8 24. Rd1 Rxd1+ 25. Rxd1 Bc7 26. f3 Nd5 27. Be6+ Kf8 28. Bxd5 cxd5 29. Rxd5 Bxh2 30. Rxb5 Bg1 31. e4 Be3+ 32. Kc2 Bf4 33. Rf5+ 1-0

[Event "Live Chess"]
[Site "Chess.com"]
[Date "2023.05.20"]
[Round "-"]
[White "wadsy27"]
[Black "BJAW87"]
[Result "1-0"]
[WhiteElo "2564"]
[BlackElo "1428"]
[TimeControl "300"]
[EndTime "15:42:15 PDT"]
[Termination "wadsy27 won by resignation"]

1. d4 Nf6 2. c4 g6 3. Nf3 Bg7 4. g3 O-O 5. Bg2 d6 6. O-O Nbd7 7. Nc3 c6 8. e4 a6 9. Re1 b5 10. e5 dxe5 11. dxe5 Ng4 12. e6 Nde5 13. Nxe5 Nxe5 14. exf7+ Nxf7 15. Bxc6 Rb8 16. Bf4 e5 17. Be3 bxc4 18.
Qe2 Qd3 19. Bd5 Qxe2 20. Rxe2 Rb4 21. Bc5 Bg4 22. Bxb4 Bxe2 23. Bxf8 Bxf8 24. Bxf7+ Kxf7 25. Nxe2 Ke6 26. Rc1 Kd5 27. Nc3+ Kd4 28. Rd1+ Kc5 29. Rd5+ Kb4 30. Rxe5 Bg7 31. Re3 a5 32. f4 a4 33. g4 a3 34. bxa3+ Kxa3 35. Nd5+ Kxa2 36. Rf3 c3 37. Nxc3+ Bxc3 38. Rxc3 Kb2 39. Re3 Kc2 40. f5 1-0

[Event "Live Chess"]
[Site "Chess.com"]
[Date "2023.05.20"]
[Round "-"]
[White "CeladonFish"]
[Black "HoarseyHorsey"]
[Result "0-1"]
[WhiteElo "1136"]
[BlackElo "1443"]
[TimeControl "300"]
[EndTime "15:42:18 PDT"]
[Termination "HoarseyHorsey won by checkmate"]

1. d3 e5 2. c4 Nf6 3. e4 Bc5 4. Nc3 O-O 5. Qe2 d6 6. Be3 Bxe3 7. Qxe3 Bg4 8. Be2 Be6 9. Nf3 h6 10. O-O Nbd7 11. d4 c6 12. d5 cxd5 13. cxd5 Bg4 14. h3 Bh5 15. Nb5 a6 16. Nxd6 Nb6 17. Nxb7 Qc7 18. Nc5 Rac8 19. Rfc1 Qd6 20. b4 Nbd7 21. Nxd7 Qxd7 22. Rxc8 Rxc8 23. Bxa6 Rc2 24. b5 Rc4 25. b6 Rxe4 26. Qc3 Nxd5 27. Qd3 Bxf3 28. gxf3 Rd4 29. b7 Rxd3 30. b8=Q+ Kh7 31. Bxd3+ g6 32. Qxe5 Nb4 33. Bc4 Qxh3 34. Bxf7 Qxf3 35. Qe8 Qg4+ 36. Kf1 Qh3+ 37. Ke2 Qd3+ 38. Ke1 Nc2# 0-1

[Event "Live Chess"]
[Site "Chess.com"]
[Date "2023.05.20"]
[Round "-"]
[White "DaveL5678"]
[Black "Olisingapore"]
[Result "0-1"]
[WhiteElo "1023"]
[BlackElo "1850"]
[TimeControl "300"]
[EndTime "15:42:25 PDT"]
[Termination "Olisingapore won by checkmate"]

1. e4 c5 2. b3 d6 3. Bb2 Nc6 4. f4 Nf6 5. Nc3 g6 6. Nf3 Bg7 7. e5 dxe5 8. fxe5 Nd7 9. Bb5 O-O 10. O-O Ndxe5 11. Nxe5 Nxe5 12. Na4 Qd6 13. Qe2 Ng4 14. Bxg7 Qxh2# 0-1

[Event "Live Chess"]
[Site "Chess.com"]
[Date "2023.05.20"]
[Round "-"]
[White "McSlash1"]
[Black "risinghelios"]
[Result "1/2-1/2"]
[WhiteElo "1996"]
[BlackElo "1908"]
[TimeControl "300"]
[EndTime "15:42:28 PDT"]
[Termination "Game drawn - insufficient material"]

1. e4 c5 2. Nc3 Nc6 3. f4 e5 4.
Bc4 exf4 5. d3 Nf6 6. Nf3 Be7 7. Bxf4 O-O 8. O-O a6 9. Qe1 b5 10. Bb3 Qb6 11. Kh1 Bb7 12. Ng5 h6 13. Nf3 a5 14.
Nd5 Nxd5 15. Bxd5 Rac8 16. Qg3 Kh7 17. Ne5 Nxe5 18. Bxe5 f6 19. Bxb7 Qxb7 20. Bf4 d5 21.
exd5 Qxd5 22. Rae1 Rce8 23. Qf2 c4 24. dxc4 Qxc4 25.
b3 Qc6 26. h3 Bc5 27. Be3 Bxe3 28. Rxe3 Rxe3 29. Qxe3 Re8 30. Qd3+ Qe4 31. Qxb5 Qe2 32. Qxe2 Rxe2 33. Rc1 Kg6 34. c4 Rxa2 35. c5 Rd2 36.
c6 Rd8 37. Rc5 Kf7 38. Rxa5 Rc8 39. Rc5 Ke6 40. b4 Kd6 41. Rc4 Rxc6 42. Rg4 g5 43.
h4 h5 44. Re4 g4 45. Rf4 Ke5 46. g3 f5 47. Kg2 Rc2+ 48. Kf1 Rc3 49. Kf2 Rc2+ 50.
Ke1 Rc3 51. Kf2 Rd3 52. Rc4 Rb3 53. Rc5+ Ke4 54. b5 Rb2+ 55. Kg1 Kf3 56. Rc3+ Ke4 57.
Rc5 f4 58. Rc4+ Ke3 59. gxf4 g3 60. f5 Rxb5 61. Kg2 Rxf5 62. Kxg3 Rf3+ 63. Kh2 Rf4 64.
Rc3+ Kf2 65. Kh3 Rf3+ 66. Rxf3+ Kxf3 67. Kh2 Kg4 68. Kg2 Kxh4 69. Kh2 Kg4 70. Kg2 h4 71. Kh2 h3 72. Kg1 Kg3 73. Kh1 Kh4 74. Kh2 Kg4 75.
Kh1 h2 76. Kxh2 1/2-1/2

[Event "Live Chess"]
[Site "Chess.com"]
[Date "2023.05.20"]
[Round "-"]
[White "Singapourfeuj"]
[Black "karimghalambaz"]
[Result "1-0"]
[WhiteElo "2202"]
[BlackElo "1270"]
[TimeControl "300"]
[EndTime "15:42:39 PDT"]
[Termination "Singapourfeuj won on time"]

1. d4 e5 2. dxe5 Nc6 3. Nf3 Qe7 4. e3 Nxe5 5. Nbd2 Nxf3+ 6. Nxf3 Nf6 7. Bd3 d5 8. O-O g6 9. c4 dxc4 10. Bxc4 Bg7 11.
Qb3 O-O 12. Bd2 a6 13. Rac1 c6 14. Bb4 Qe8 15. Bxf8 Qxf8 16. Ng5 b5 17. Bxf7+ Kh8 18. Be6 h6 19. Nf7+ Kh7 20. Bxc8 Rxc8 21. Ne5 Qd6 22. Nf3 Nd5 23. Rfd1 Qf8 24. h3 Nb6 25. Qe6 Bxb2 26. Rxc6 Rxc6 27. Qxc6 Nc4 28. Rd7+ Kh8 29. Nd4 Ne5 30. Qd5 1-0

[Event "Live Chess"]
[Site "Chess.com"]
[Date "2023.05.20"]
[Round "-"]
[White "lxbllngs"]
[Black "wot-not"]
[Result "0-1"]
[WhiteElo "1692"]
[BlackElo "1538"]
[TimeControl "300"]
[EndTime "15:42:45 PDT"]
[Termination "wot-not won on time"]

1. d4 Nf6 2. Bg5 d6 3. Bxf6 gxf6 4. e3 e5 5. Bc4 Be6 6. Bxe6 fxe6 7. Qh5+ Kd7 8. dxe5 fxe5 9. Nc3 Be7 10. O-O-O Nc6 11.
Nf3 Qe8 12. Nxe5+ Nxe5 13. Qxe5 Rd8 14. Nb5 a6 15. Nc3 Qg6 16. Ne4 Kc8 17. Qd4 Qxg2 18. Rhg1 Qxh2 19. Qa7 Qe5 20. f3 Bf6 21. Nxf6 Qxf6 22.
Qa8+ Kd7 23. Qxb7 Rb8 24. Rxd6+ Kxd6 25. Rd1+ Ke5 26. f4+ Kf5 27. e4+ Kg6 28. f5+ Kf7 29. Qxc7+ Qe7 30. fxe6+ Kxe6 31. Qc4+ Kf6 32. Rf1+ Kg7 33.
Qd4+ Kg8 34. Qd5+ Kg7 35. Rg1+ Kf8 36. Qf5+ Qf7 37. Qc5+ Ke8 38. Qe5+ Qe7 39. Qh5+ Kd7 0-1